 Dungeon Crawl Stone Soup version 0.21.1-1-g345015f (webtiles) character file.

26488 tidbits the Covert (level 13, -4/98 HPs)
             Began as a Gnoll Enchanter on June 8, 2018.
             Was a Priest of Cheibriados.
             Engulfed by a swamp dragon's poison gas (7 damage)
             ... called by a spriggan druid
             ... on level 2 of the Swamp on June 9, 2018.
             The game lasted 01:06:35 (3426 turns).

tidbits the Covert (Gnoll Enchanter)                Turns: 3426, Time: 01:06:36

Health: -4/98      AC: 14    Str: 19    XL:     13   Next: 26%
Magic:  1/26       EV: 21    Int: 29    God:    Cheibriados [***...]
Gold:   370        SH:  0    Dex: 25    Spells: 19/31 levels left

rFire    . . .     SeeInvis .   J - +0 dagger (pain)
rCold    . . .     Gourm    .   (no shield)
rNeg     . . .     Faith    .   B - +2 robe of Vines {NoPotionHeal Regen+7}
rPois    .         Spirit   .   E - +1 helmet of the Blessed Realm {rElec}
rElec    +         Reflect  .   C - +2 cloak {+Inv}
rCorr    .         Harm     .   G - +1 pair of gloves
MR       .....                  F - +0 pair of boots
Stlth    +++.......             R - amulet of regeneration
HPRegen  3.46/turn              W - ring of wizardry
MPRegen  0.20/turn              (no ring)

@: lethally poisoned (-4 -> -6), very slightly contaminated, drained, invisible,
very slow
A: distributed training, fangs 1, strong nose
a: Bend Time, Temporal Distortion, Renounce Religion


You were on level 2 of the Swamp.
You worshipped Cheibriados.
Cheibriados was most pleased with you.
You were not hungry.

You visited 4 branches of the dungeon, and saw 17 of its levels.

You collected 385 gold pieces.
You spent 15 gold pieces at shops.

Inventory:

Hand Weapons
 a - a +2 dagger of protection
   (You took it off Jessica on level 2 of the Dungeon)
 g - a +0 hunting sling
 j - a +1 quarterstaff of draining
   (You took it off Joseph on level 8 of the Dungeon)
 n - a +1 dagger
 q - a +1 trident
 u - a +0 war axe
 J - a +0 dagger of pain (weapon)
   (You took it off Nergalle on level 3 of the Lair of Beasts)
 P - a +0 broad axe
Missiles
 e - 43 stones
 h - 11 poisoned needles
 l - 5 needles of paralysis
 t - 10 tomahawks (quivered)
 x - 31 arrows
 D - 34 sling bullets
Armour
 b - a +0 cloak
 i - a +0 robe
 B - the +2 robe of Vines (worn) {NoPotionHeal Regen+7}
   (You found it on level 1 of the Snake Pit)

   It increases your rate of regeneration.
 C - a +2 cloak of invisibility (worn)
   (You took it off Maurice on level 8 of the Dungeon)
 E - the +1 helmet of the Blessed Realm (worn) {rElec}
   (You found it on level 1 of the Lair of Beasts)

   It insulates you from electricity.
 F - a +0 pair of boots (worn)
 G - a +1 pair of gloves (worn)
Magical Staves
 f - an uncursed staff of cold
   (You found it on level 3 of the Dungeon)
Jewellery
 s - the amulet "Casm" {Inacc Str+5}
   (You found it on level 5 of the Dungeon)

   [amulet of inaccuracy]

   It reduces the accuracy of all your attacks.
   It affects your strength (+5).
 R - an amulet of regeneration (around neck)
   (You found it on level 3 of the Dungeon)
 W - a ring of wizardry (left hand)
   (You found it on level 7 of the Dungeon)
Wands
 w - a wand of polymorph (33)
 N - a wand of flame (16)
 U - a wand of digging (11)
Scrolls
 m - 2 scrolls of enchant weapon
 r - 4 scrolls of remove curse
 y - a scroll of teleportation
 z - 3 scrolls of amnesia
 A - a scroll of noise {unknown}
 I - a scroll of summoning {unknown}
 K - a scroll of blinking {unknown}
 L - a scroll of torment
 Q - 2 scrolls of fear
 T - a scroll of random uselessness {unknown}
Potions
 k - a potion of might
 o - 4 potions of curing
 p - a potion of heal wounds {unknown}
 H - a potion of berserk rage
 M - a potion of haste
 O - a potion of invisibility
 S - a potion of mutation {unknown}
Books
 d - a book of Maledictions

   Spells                             Type                      Level
   a - Corona                         Hexes                        1
   b - Ensorcelled Hibernation        Hexes/Ice                    2
   c - Confuse                        Hexes                        3
   d - Tukima's Dance                 Hexes                        3
   e - Dazzling Spray                 Conjuration/Hexes            3
Comestibles
 c - 13 rations


   Skills:
 + Level 8.0(7.6) Fighting
 + Level 8.4(8.0) Short Blades
 + Level 8.0(7.6) Long Blades
 + Level 8.0(7.6) Axes
 + Level 8.0(7.6) Maces & Flails
 + Level 8.0(7.6) Polearms
 + Level 8.0(7.6) Staves
 + Level 8.0(7.6) Slings
 + Level 8.0(7.6) Bows
 + Level 8.0(7.6) Crossbows
 + Level 8.0(7.6) Throwing
 + Level 8.0(7.6) Armour
 + Level 9.3(8.9) Dodging
 + Level 10.0(9.6) Stealth
 + Level 8.0(7.6) Shields
 + Level 8.0(7.6) Unarmed Combat
 + Level 9.5(9.1) Spellcasting
 + Level 6.6(6.3) Conjurations
 + Level 8.7(8.3) Hexes
 + Level 6.6(6.3) Charms
 + Level 6.6(6.3) Summonings
 + Level 6.6(6.3) Necromancy
 + Level 6.6(6.3) Translocations
 + Level 6.6(6.3) Transmutations
 + Level 6.6(6.3) Fire Magic
 + Level 6.6(6.3) Ice Magic
 + Level 6.6(6.3) Air Magic
 + Level 6.6(6.3) Earth Magic
 + Level 6.6(6.3) Poison Magic
 + Level 8.7(8.4) Invocations
 + Level 8.0(7.6) Evocations


You had 19 spell levels left.
You knew the following spells:

 Your Spells              Type           Power        Failure   Level  Hunger
a - Corona                Hex            ######.      1%          1    None
c - Confuse               Hex            ######..     1%          3    None
d - Dazzling Spray        Conj/Hex       ######       1%          3    None
e - Ensorcelled Hibernat  Hex/Ice        ######       1%          2    None
u - Tukima's Dance        Hex            ######..     1%          3    None


Dungeon Overview and Level Annotations

Branches:
Dungeon (9/15)             Temple (0/1) D:7            Lair (5/6) D:9
  Swamp (2/4) Lair:3        Snake (1/4) Lair:3
  Slime: Lair:5-6       Orc: D:9-12

Altars:
Ashenzari
Cheibriados
Dithmenos
Fedhas
Qazlal
Ru
Vehumet
The Shining One

Shops:
D:4 [

Annotations:
Swamp:2 Frances


Innate Abilities, Weirdness & Mutations

Your experience applies equally to all skills.
You have very sharp teeth.
Your uncanny sense of smell can sniff out nearby items.


Message History

Cheibriados lowers the support of your attributes as your movement quickens.
You are engulfed in spectral mist.
You feel sick.
The swamp dragon is engulfed in spectral mist.
The swamp dragon barely misses you. The swamp dragon claws you.
The swamp dragon closely misses you.
You hit the swamp dragon but do no damage.
The swamp dragon writhes in agony.
You bite the swamp dragon, but do no damage.
The swamp dragon is almost dead.
You feel sick.
Evoke which item? (* to show all) (? for menu, Esc to quit)
Okay, then.
Unknown command.
Okay, then.
Unknown command.
You fade into invisibility!
The swamp dragon breathes poison at you.
The blast of poison misses you.
The spectral seven-headed hydra closely misses you.
The spectral seven-headed hydra completely misses you. x2
The spectral seven-headed hydra bites you but does no damage.
The spectral seven-headed hydra bites you.
The spectral seven-headed hydra barely misses you.
The spectral seven-headed hydra bites you.
You are very lightly contaminated with residual magic.
Unknown command.
Your unstable footing causes you to fumble your attack.
You are engulfed in poison gas.
You are more poisoned.
You feel sick. The swamp dragon bites you!
* * * LOW HITPOINT WARNING * * *
The swamp dragon claws you but does no damage.
The swamp dragon tramples you but does no damage.
The spectral seven-headed hydra misses you. x2
The spectral seven-headed hydra bites you.
* * * LOW HITPOINT WARNING * * *
You feel drained.
The spectral seven-headed hydra bites you!
* * * LOW HITPOINT WARNING * * *
The spectral seven-headed hydra barely misses you.
The spectral seven-headed hydra bites you but does no damage. x2
Unknown command.
Your unstable footing causes you to fumble your attack.
You are engulfed in poison gas.
You are more poisoned.
* * * LOW HITPOINT WARNING * * *
You feel sick. The ghost crab bites you!
* * * LOW HITPOINT WARNING * * *
You feel drained.
* * * LOW HITPOINT WARNING * * *
The ghost crab barely misses you. The swamp dragon completely misses you.
The swamp dragon closely misses you. The swamp dragon misses you.
Unknown command.
Your unstable footing causes you to fumble your attack.
You are engulfed in poison gas.
You are more poisoned.
* * * LOW HITPOINT WARNING * * *
You feel sick.
The spectral seven-headed hydra misses you.
The spectral seven-headed hydra bites you but does no damage.
The spectral seven-headed hydra bites you!
* * * LOW HITPOINT WARNING * * *
The spectral seven-headed hydra completely misses you.
The spectral seven-headed hydra bites you but does no damage.
The spectral seven-headed hydra completely misses you.
The spectral seven-headed hydra closely misses you.
You catch the helpless ghost crab completely off-guard!
You stick the ghost crab like a pincushion!!!
You destroy the ghost crab!
Cheibriados thoroughly appreciates the change of pace.
The spectral seven-headed hydra fades away!
The spectral swamp drake fades away!
Your base Fighting skill increases to level 8!
Your base Long Blades skill increases to level 8!
Your base Axes skill increases to level 8!
Your base Maces & Flails skill increases to level 8!
Your base Polearms skill increases to level 8!
Your base Staves skill increases to level 8!
Your base Slings skill increases to level 8!
Your base Bows skill increases to level 8!
Your base Crossbows skill increases to level 8!
Your base Throwing skill increases to level 8!
Your base Armour skill increases to level 8!
Your base Shields skill increases to level 8!
Your base Unarmed Combat skill increases to level 8!
Your base Evocations skill increases to level 8!
You are engulfed in poison gas.
You are more poisoned.
* * * LOW HITPOINT WARNING * * *
You feel sick. The swamp dragon closely misses you.
The swamp dragon misses you. x2
Casting: Confuse
Confirm with . or Enter, or press ? or * to list all spells.
Aiming: Ensorcelled Hibernation
Press: ? - help, Shift-Dir - straight line, f - swamp dragon
Aim: a swamp dragon (poison gas, almost dead, catching its breath, chance to defeat MR: 55%)
The swamp dragon resists with some effort.
You are engulfed in poison gas.
You are more poisoned.
You die...

≈...≈.≈≈≈≈..♣♣ ♣♣♣♣♣ ∆ ∆
≈.≈.≈§≈≈≈≈.≈≈♣♣♣.≈.♣ ∆
♣♣♣♣♣♣.≈≈≈.....≈≈≈.♣ ∆∆ #
#♣♣≈≈♣♣.≈≈≈..≈≈≈≈≈≈≈♣ ∆
#.♣.≈≈D...≈≈≈..≈≈≈♣♣♣♣♣
∆∆∆$.♣.♣.♣.t≈≈≈.≈≈≈≈...♣♣♣
≈≈t.≈!)Z§♣≈♣♣§§§≈≈≈♣♣ ∆
....#.#..♣♣♣♣§§§≈≈.♣ ♣
♣∆#†.≈§§@D≈§≈.♣♣ ∆
#≈≈..§.♣§§†♣♣
###♣###♣#♣≈§..≈♣.§≈≈.♣
♣...≈≈≈≈..≈...≈≈≈≈≈≈≈♣
♣..≈≈≈...♣.≈≈≈.≈≈≈..≈♣
♣.......♣≈≈≈..≈......≈♣
♣♣.≈.≈≈≈....≈♣♣♣.≈≈≈≈)♣
♣♣♣≈≈≈≈≈≈...♣ ♣.≈≈≈≈...
♣<≈≈≈≈≈≈≈.♣ ♣.≈≈≈§...


You could see a swamp dragon.

Vanquished Creatures
  3 hydras
  A ghost crab (Swamp:2)
  8 alligators
  A two-headed ogre (D:8)
  Nergalle (Lair:3)
  A spriggan (Swamp:1)
  2 swamp dragons
  2 spriggan druids (Swamp:2)
  A mana viper (Snake:1)
  Maurice (D:8)
  2 apocalypse crabs (Swamp:2)
  Joseph (D:8)
  A naga mage (Snake:1)
  6 spiny frogs
  Psyche (D:8)
  A centaur skeleton (D:8)
  3 tyrant leeches
  A slime creature (Swamp:2)
  3 blink frogs (Lair:3)
  A hornet (Swamp:1)
  7 dream sheep (Lair:4)
  3 bog bodies
  2 hippogriffs (Lair:3)
  6 yaks (Lair:2)
  A basilisk (Lair:3)
  3 vampire mosquitoes (Swamp:1)
  3 insubstantial wisps (Swamp:1)
  8 swamp worms
  7 nagas
  7 water moccasins
  6 porcupines
  2 hell hounds (D:9)
  A sky beast (D:7)
  An orc warrior (D:8)
  An ice beast (D:8)
  3 swamp drakes (Swamp:1)
  A necrophage (D:8)
  9 wolves
  A centaur (D:8)
  An ogre (D:6)
  A crocodile (Lair:2)
  The ghost of Tiareth the Magician, an amateur DEWz (D:3)
  7 bullfrogs
  A killer bee (D:8)
  A scorpion (D:7)
  A wight (D:8)
  An electric eel (Lair:3)
  A jelly (D:7)
  A bullfrog skeleton (D:6)
  3 hounds
  An orc priest (D:8)
  4 orc wizards
  Jessica (D:2)
  A hell rat (Lair:3)
  An iguana (D:5)
  3 worker ants
  A hound zombie (D:7)
  A worker ant zombie (D:8)
  3 gnolls (D:2)
  8 adders
  7 river rats (Lair:3)
  An ooze (D:3)
  2 worms (D:3)
  3 dart slugs
  2 leopard geckos
  12 orcs
  4 bats (D:3)
  5 giant cockroaches
  3 goblins
  2 hobgoblins
  8 jackals
  6 kobolds
  5 quokkas
  A ball python (D:3)
  2 frilled lizards (D:1)
  5 rats
224 creatures vanquished.

Vanquished Creatures (others)
  2 fungi (Lair:4)
  4 plants (Lair:4)
6 creatures vanquished.

Grand Total: 230 creatures vanquished

Notes
Turn   | Place    | Note
-------+----------+-------------------------------------------
     0 | D:1      | tidbits the Gnoll Enchanter began the quest for the Orb.
     0 | D:1      | Reached XP level 1. HP: 13/13 MP: 6/6
   126 | D:1      | Reached XP level 2. HP: 19/19 MP: 7/7
   130 | D:1      | Learned a level 2 spell: Ensorcelled Hibernation
   191 | D:2      | Reached XP level 3. HP: 25/25 MP: 2/9
   196 | D:2      | Learned a level 3 spell: Confuse
   200 | D:2      | Learned a level 3 spell: Dazzling Spray
   205 | D:2      | Reached skill level 6 in Stealth
   205 | D:2      | Reached skill level 5 in Spellcasting
   209 | D:2      | Reached skill level 1 in Invocations
   262 | D:2      | Reached skill level 1 in Fighting
   262 | D:2      | Reached skill level 1 in Long Blades
   262 | D:2      | Reached skill level 1 in Axes
   262 | D:2      | Reached skill level 1 in Maces & Flails
   262 | D:2      | Reached skill level 1 in Polearms
   262 | D:2      | Reached skill level 1 in Staves
   262 | D:2      | Reached skill level 1 in Slings
   262 | D:2      | Reached skill level 1 in Bows
   262 | D:2      | Reached skill level 1 in Crossbows
   262 | D:2      | Reached skill level 1 in Throwing
   262 | D:2      | Reached skill level 1 in Armour
   262 | D:2      | Reached skill level 1 in Shields
   262 | D:2      | Reached skill level 1 in Unarmed Combat
   262 | D:2      | Reached skill level 1 in Evocations
   318 | D:2      | Noticed Jessica
   325 | D:2      | Killed Jessica
   325 | D:2      | Reached XP level 4. HP: 32/32 MP: 3/11
   358 | D:2      | Reached skill level 1 in Conjurations
   358 | D:2      | Reached skill level 1 in Charms
   358 | D:2      | Reached skill level 1 in Summonings
   358 | D:2      | Reached skill level 1 in Necromancy
   358 | D:2      | Reached skill level 1 in Translocations
   358 | D:2      | Reached skill level 1 in Transmutations
   358 | D:2      | Reached skill level 1 in Fire Magic
   358 | D:2      | Reached skill level 1 in Ice Magic
   358 | D:2      | Reached skill level 1 in Air Magic
   358 | D:2      | Reached skill level 1 in Earth Magic
   358 | D:2      | Reached skill level 1 in Poison Magic
   380 | D:2      | Found a sacrificial altar of Ru.
   387 | D:2      | Found a radiant altar of Vehumet.
   392 | D:2      | Found a blossoming altar of Fedhas.
   399 | D:2      | Found a shattered altar of Ashenzari.
   404 | D:2      | Found a shadowy altar of Dithmenos.
   408 | D:2      | Found a stormy altar of Qazlal.
   413 | D:2      | Found a glowing golden altar of the Shining One.
   457 | D:3      | Noticed Tiareth's ghost (amateur DEWz)
   476 | D:3      | Reached XP level 5. HP: 15/37 MP: 4/12
   500 | D:3      | Killed Tiareth's ghost
   500 | D:3      | Reached skill level 3 in Short Blades
   520 | D:3      | Found a snail-covered altar of Cheibriados.
   530 | D:3      | Became a worshipper of Cheibriados the Contemplative
   718 | D:3      | Reached * piety under Cheibriados
   722 | D:3      | Reached XP level 6. HP: 22/44 MP: 0/13
   794 | D:3      | Reached skill level 2 in Invocations
   804 | D:4      | Found Laclih's Armour Shoppe.
   813 | D:4      | Bought a cursed +0 pair of boots for 15 gold pieces
   843 | D:5      | Entered Level 5 of the Dungeon
   874 | D:5      | Got a brightly glowing bone amulet
   902 | D:5      | Identified the amulet "Casm" {Inacc Str+5} (You found it on level 5 of the Dungeon)
  1022 | D:6      | Reached skill level 5 in Dodging
  1029 | D:6      | Reached skill level 2 in Fighting
  1029 | D:6      | Reached skill level 2 in Long Blades
  1029 | D:6      | Reached skill level 2 in Axes
  1029 | D:6      | Reached skill level 2 in Maces & Flails
  1029 | D:6      | Reached skill level 2 in Polearms
  1029 | D:6      | Reached skill level 2 in Staves
  1029 | D:6      | Reached skill level 2 in Slings
  1029 | D:6      | Reached skill level 2 in Bows
  1029 | D:6      | Reached skill level 2 in Crossbows
  1029 | D:6      | Reached skill level 2 in Throwing
  1029 | D:6      | Reached skill level 2 in Armour
  1029 | D:6      | Reached skill level 2 in Shields
  1029 | D:6      | Reached skill level 2 in Unarmed Combat
  1029 | D:6      | Reached skill level 2 in Evocations
  1173 | D:6      | Reached XP level 7. HP: 50/50 MP: 10/15
  1207 | D:7      | Reached skill level 2 in Conjurations
  1207 | D:7      | Reached skill level 2 in Charms
  1207 | D:7      | Reached skill level 2 in Summonings
  1207 | D:7      | Reached skill level 2 in Necromancy
  1207 | D:7      | Reached skill level 2 in Translocations
  1207 | D:7      | Reached skill level 2 in Transmutations
  1207 | D:7      | Reached skill level 2 in Fire Magic
  1207 | D:7      | Reached skill level 2 in Ice Magic
  1207 | D:7      | Reached skill level 2 in Air Magic
  1207 | D:7      | Reached skill level 2 in Earth Magic
  1207 | D:7      | Reached skill level 2 in Poison Magic
  1218 | D:7      | Found a staircase to the Ecumenical Temple.
  1230 | D:7      | Reached ** piety under Cheibriados
  1264 | D:7      | Reached skill level 3 in Invocations
  1302 | D:8      | Noticed Psyche
  1307 | D:8      | Killed Psyche
  1307 | D:8      | Reached skill level 3 in Fighting
  1307 | D:8      | Reached skill level 4 in Short Blades
  1307 | D:8      | Reached skill level 3 in Long Blades
  1307 | D:8      | Reached skill level 3 in Axes
  1307 | D:8      | Reached skill level 3 in Maces & Flails
  1307 | D:8      | Reached skill level 3 in Polearms
  1307 | D:8      | Reached skill level 3 in Staves
  1307 | D:8      | Reached skill level 3 in Slings
  1307 | D:8      | Reached skill level 3 in Bows
  1307 | D:8      | Reached skill level 3 in Crossbows
  1307 | D:8      | Reached skill level 3 in Throwing
  1307 | D:8      | Reached skill level 3 in Armour
  1307 | D:8      | Reached skill level 3 in Shields
  1307 | D:8      | Reached skill level 3 in Unarmed Combat
  1307 | D:8      | Reached skill level 6 in Hexes
  1307 | D:8      | Reached skill level 3 in Evocations
  1307 | D:8      | Reached XP level 8. HP: 50/58 MP: 8/16
  1386 | D:8      | Noticed Maurice
  1406 | D:8      | Noticed Joseph
  1431 | D:8      | Killed Joseph
  1431 | D:8      | Reached skill level 7 in Stealth
  1431 | D:8      | Reached skill level 6 in Spellcasting
  1445 | D:8      | Reached skill level 6 in Dodging
  1445 | D:8      | Reached skill level 3 in Conjurations
  1445 | D:8      | Reached skill level 3 in Charms
  1445 | D:8      | Reached skill level 3 in Summonings
  1445 | D:8      | Reached skill level 3 in Necromancy
  1445 | D:8      | Reached skill level 3 in Translocations
  1445 | D:8      | Reached skill level 3 in Transmutations
  1445 | D:8      | Reached skill level 3 in Fire Magic
  1445 | D:8      | Reached skill level 3 in Ice Magic
  1445 | D:8      | Reached skill level 3 in Air Magic
  1445 | D:8      | Reached skill level 3 in Earth Magic
  1445 | D:8      | Reached skill level 3 in Poison Magic
  1445 | D:8      | Reached skill level 4 in Invocations
  1445 | D:8      | Reached XP level 9. HP: 40/65 MP: 4/18
  1466 | D:8      | Killed Maurice
  1466 | D:8      | Reached skill level 4 in Fighting
  1466 | D:8      | Reached skill level 4 in Long Blades
  1466 | D:8      | Reached skill level 4 in Axes
  1466 | D:8      | Reached skill level 4 in Maces & Flails
  1466 | D:8      | Reached skill level 4 in Polearms
  1466 | D:8      | Reached skill level 4 in Staves
  1466 | D:8      | Reached skill level 4 in Slings
  1466 | D:8      | Reached skill level 4 in Bows
  1466 | D:8      | Reached skill level 4 in Crossbows
  1466 | D:8      | Reached skill level 4 in Throwing
  1466 | D:8      | Reached skill level 4 in Armour
  1466 | D:8      | Reached skill level 4 in Shields
  1466 | D:8      | Reached skill level 4 in Unarmed Combat
  1466 | D:8      | Reached skill level 4 in Evocations
  1643 | D:9      | Reached skill level 5 in Short Blades
  1670 | D:8      | Noticed a two-headed ogre
  1693 | D:8      | Killed a two-headed ogre
  1693 | D:8      | Reached *** piety under Cheibriados
  1693 | D:8      | Reached skill level 5 in Invocations
  1748 | D:9      | Found a staircase to the Lair.
  1752 | D:9      | Reached skill level 7 in Spellcasting
  1752 | D:9      | Reached XP level 10. HP: 63/73 MP: 6/20
  1788 | Lair:1   | Entered Level 1 of the Lair of Beasts
  1814 | Lair:1   | Reached skill level 4 in Conjurations
  1814 | Lair:1   | Reached skill level 4 in Charms
  1814 | Lair:1   | Reached skill level 4 in Summonings
  1814 | Lair:1   | Reached skill level 4 in Necromancy
  1814 | Lair:1   | Reached skill level 4 in Translocations
  1814 | Lair:1   | Reached skill level 4 in Transmutations
  1814 | Lair:1   | Reached skill level 4 in Fire Magic
  1814 | Lair:1   | Reached skill level 4 in Ice Magic
  1814 | Lair:1   | Reached skill level 4 in Air Magic
  1814 | Lair:1   | Reached skill level 4 in Earth Magic
  1814 | Lair:1   | Reached skill level 4 in Poison Magic
  1818 | Lair:1   | Got a crude helmet
  1827 | Lair:1   | Identified the +1 helmet of the Blessed Realm {rElec} (You found it on level 1 of the Lair of Beasts)
  1849 | Lair:2   | Noticed a spiny frog
  1859 | Lair:2   | Killed a spiny frog
  1874 | Lair:2   | Reached skill level 5 in Fighting
  1874 | Lair:2   | Reached skill level 5 in Long Blades
  1874 | Lair:2   | Reached skill level 5 in Axes
  1874 | Lair:2   | Reached skill level 5 in Maces & Flails
  1874 | Lair:2   | Reached skill level 5 in Polearms
  1874 | Lair:2   | Reached skill level 5 in Staves
  1874 | Lair:2   | Reached skill level 5 in Slings
  1874 | Lair:2   | Reached skill level 5 in Bows
  1874 | Lair:2   | Reached skill level 5 in Crossbows
  1874 | Lair:2   | Reached skill level 5 in Throwing
  1874 | Lair:2   | Reached skill level 5 in Armour
  1874 | Lair:2   | Reached skill level 5 in Shields
  1874 | Lair:2   | Reached skill level 5 in Unarmed Combat
  1874 | Lair:2   | Reached skill level 5 in Evocations
  1880 | Lair:2   | Reached skill level 7 in Hexes
  1886 | Lair:2   | Reached skill level 8 in Stealth
  1891 | Lair:2   | Reached skill level 7 in Dodging
  1906 | Lair:2   | Learned a level 3 spell: Tukima's Dance
  1944 | Lair:3   | Noticed a spiny frog
  1945 | Lair:3   | Killed a spiny frog
  1945 | Lair:3   | Reached skill level 6 in Short Blades
  1963 | Lair:3   | Noticed Nergalle
  1964 | Lair:3   | Noticed a spiny frog
  1970 | Lair:3   | Killed Nergalle
  1970 | Lair:3   | Reached skill level 6 in Invocations
  1980 | Lair:3   | Noticed a five-headed hydra
  2004 | Lair:4   | Reached XP level 11. HP: 81/81 MP: 17/22
  2029 | Lair:4   | Noticed a death yak
  2031 | Lair:4   | Noticed a death yak
  2031 | Lair:4   | Noticed a death yak
  2034 | Lair:4   | Noticed a death yak
  2034 | Lair:4   | Noticed a death yak
  2035 | Lair:4   | Noticed a death yak
  2044 | Lair:4   | Reached **** piety under Cheibriados
  2148 | Lair:3   | Reached skill level 6 in Fighting
  2148 | Lair:3   | Reached skill level 6 in Long Blades
  2148 | Lair:3   | Reached skill level 6 in Axes
  2148 | Lair:3   | Reached skill level 6 in Maces & Flails
  2148 | Lair:3   | Reached skill level 6 in Polearms
  2148 | Lair:3   | Reached skill level 6 in Staves
  2148 | Lair:3   | Reached skill level 6 in Slings
  2148 | Lair:3   | Reached skill level 6 in Bows
  2148 | Lair:3   | Reached skill level 6 in Crossbows
  2148 | Lair:3   | Reached skill level 6 in Throwing
  2148 | Lair:3   | Reached skill level 6 in Armour
  2148 | Lair:3   | Reached skill level 6 in Shields
  2148 | Lair:3   | Reached skill level 6 in Unarmed Combat
  2148 | Lair:3   | Reached skill level 6 in Evocations
  2164 | Lair:3   | Reached skill level 5 in Conjurations
  2164 | Lair:3   | Reached skill level 5 in Charms
  2164 | Lair:3   | Reached skill level 5 in Summonings
  2164 | Lair:3   | Reached skill level 5 in Necromancy
  2164 | Lair:3   | Reached skill level 5 in Translocations
  2164 | Lair:3   | Reached skill level 5 in Transmutations
  2164 | Lair:3   | Reached skill level 5 in Fire Magic
  2164 | Lair:3   | Reached skill level 5 in Ice Magic
  2164 | Lair:3   | Reached skill level 5 in Air Magic
  2164 | Lair:3   | Reached skill level 5 in Earth Magic
  2164 | Lair:3   | Reached skill level 5 in Poison Magic
  2194 | Lair:3   | Killed a five-headed hydra
  2194 | Lair:3   | Reached skill level 8 in Spellcasting
  2288 | Lair:3   | Reached skill level 7 in Invocations
  2301 | Lair:3   | Found a staircase to the Snake Pit.
  2313 | Snake:1  | Entered Level 1 of the Snake Pit
  2373 | Snake:1  | Found the +2 robe of Vines {NoPotionHeal Regen+7}
  2378 | Snake:1  | Noticed a mana viper
  2383 | Snake:1  | Killed a mana viper
  2383 | Snake:1  | Reached skill level 7 in Short Blades
  2383 | Snake:1  | Reached skill level 8 in Dodging
  2465 | Lair:3   | Reached ***** piety under Cheibriados
  2472 | Lair:3   | Noticed a six-headed hydra
  2625 | Lair:1   | Noticed an eight-headed hydra
  2629 | Lair:1   | Killed an eight-headed hydra
  2629 | Lair:1   | Reached skill level 9 in Stealth
  2637 | Lair:1   | Reached XP level 12. HP: 89/89 MP: 18/24
  2898 | Lair:2   | Reached skill level 8 in Hexes
  3038 | Lair:3   | Found a staircase to the Swamp.
  3064 | Swamp:1  | Entered Level 1 of the Swamp
  3077 | Swamp:1  | Reached skill level 7 in Fighting
  3077 | Swamp:1  | Reached skill level 7 in Long Blades
  3077 | Swamp:1  | Reached skill level 7 in Axes
  3077 | Swamp:1  | Reached skill level 7 in Maces & Flails
  3077 | Swamp:1  | Reached skill level 7 in Polearms
  3077 | Swamp:1  | Reached skill level 7 in Staves
  3077 | Swamp:1  | Reached skill level 7 in Slings
  3077 | Swamp:1  | Reached skill level 7 in Bows
  3077 | Swamp:1  | Reached skill level 7 in Crossbows
  3077 | Swamp:1  | Reached skill level 7 in Throwing
  3077 | Swamp:1  | Reached skill level 7 in Armour
  3077 | Swamp:1  | Reached skill level 7 in Shields
  3077 | Swamp:1  | Reached skill level 7 in Unarmed Combat
  3077 | Swamp:1  | Reached skill level 7 in Evocations
  3082 | Swamp:1  | Noticed an alligator
  3084 | Swamp:1  | Noticed an alligator
  3103 | Swamp:1  | Noticed a spriggan rider
  3113 | Swamp:1  | Killed a spriggan rider
  3119 | Swamp:1  | Noticed an alligator
  3124 | Swamp:1  | Killed an alligator
  3137 | Swamp:1  | Reached skill level 6 in Conjurations
  3137 | Swamp:1  | Reached skill level 6 in Charms
  3137 | Swamp:1  | Reached skill level 6 in Summonings
  3137 | Swamp:1  | Reached skill level 6 in Necromancy
  3137 | Swamp:1  | Reached skill level 6 in Translocations
  3137 | Swamp:1  | Reached skill level 6 in Transmutations
  3137 | Swamp:1  | Reached skill level 6 in Fire Magic
  3137 | Swamp:1  | Reached skill level 6 in Ice Magic
  3137 | Swamp:1  | Reached skill level 6 in Air Magic
  3137 | Swamp:1  | Reached skill level 6 in Earth Magic
  3137 | Swamp:1  | Reached skill level 6 in Poison Magic
  3185 | Swamp:1  | Reached skill level 8 in Invocations
  3236 | Swamp:1  | Killed an alligator
  3236 | Swamp:1  | Reached skill level 9 in Spellcasting
  3241 | Swamp:1  | Noticed an alligator
  3242 | Swamp:1  | Killed an alligator
  3246 | Swamp:1  | Killed an alligator
  3250 | Swamp:2  | Noticed a spriggan rider
  3251 | Swamp:2  | Reached skill level 8 in Short Blades
  3313 | Swamp:2  | Noticed a six-headed hydra
  3317 | Swamp:2  | Noticed an alligator
  3328 | Swamp:2  | Killed an alligator
  3328 | Swamp:2  | Reached skill level 9 in Dodging
  3332 | Swamp:2  | HP: 8/91 [six-headed hydra (8)]
  3334 | Swamp:2  | Killed a six-headed hydra
  3343 | Swamp:2  | Noticed a ghost crab
  3348 | Swamp:2  | Noticed an alligator
  3348 | Swamp:2  | Reached XP level 13. HP: 95/98 MP: 7/26
  3381 | Swamp:2  | Reached skill level 10 in Stealth
  3397 | Swamp:2  | Noticed Frances
  3424 | Swamp:2  | HP: 5/98 [spectral seven-headed hydra[a ghost crab] (7)]
  3425 | Swamp:2  | Reached skill level 8 in Fighting
  3425 | Swamp:2  | Reached skill level 8 in Long Blades
  3425 | Swamp:2  | Reached skill level 8 in Axes
  3425 | Swamp:2  | Reached skill level 8 in Maces & Flails
  3425 | Swamp:2  | Reached skill level 8 in Polearms
  3425 | Swamp:2  | Reached skill level 8 in Staves
  3425 | Swamp:2  | Reached skill level 8 in Slings
  3425 | Swamp:2  | Reached skill level 8 in Bows
  3425 | Swamp:2  | Reached skill level 8 in Crossbows
  3425 | Swamp:2  | Reached skill level 8 in Throwing
  3425 | Swamp:2  | Reached skill level 8 in Armour
  3425 | Swamp:2  | Reached skill level 8 in Shields
  3425 | Swamp:2  | Reached skill level 8 in Unarmed Combat
  3425 | Swamp:2  | Reached skill level 8 in Evocations
  3426 | Swamp:2  | Engulfed by a swamp dragon's poison gas

Skill      XL: |  1  2  3  4  5  6  7  8  9 10 11 12 13 |
---------------+----------------------------------------+-----
Stealth        | 6 7 8 9 10 | 10.0
Spellcasting   | 5 6 7 8 9 |  9.5
Invocations    | 1 2 3 4 5 6 7 8 |  8.7
Fighting       | 1 2 3 4 5 6 7 8 |  8.0
Long Blades    | 1 2 3 4 5 6 7 8 |  8.0
Axes           | 1 2 3 4 5 6 7 8 |  8.0
Maces & Flails | 1 2 3 4 5 6 7 8 |  8.0
Polearms       | 1 2 3 4 5 6 7 8 |  8.0
Staves         | 1 2 3 4 5 6 7 8 |  8.0
Slings         | 1 2 3 4 5 6 7 8 |  8.0
Bows           | 1 2 3 4 5 6 7 8 |  8.0
Crossbows      | 1 2 3 4 5 6 7 8 |  8.0
Throwing       | 1 2 3 4 5 6 7 8 |  8.0
Armour         | 1 2 3 4 5 6 7 8 |  8.0
Shields        | 1 2 3 4 5 6 7 8 |  8.0
Unarmed Combat | 1 2 3 4 5 6 7 8 |  8.0
Evocations     | 1 2 3 4 5 6 7 8 |  8.0
Conjurations   | 1 2 3 4 5 6 |  6.6
Charms         | 1 2 3 4 5 6 |  6.6
Summonings     | 1 2 3 4 5 6 |  6.6
Necromancy     | 1 2 3 4 5 6 |  6.6
Translocations | 1 2 3 4 5 6 |  6.6
Transmutations | 1 2 3 4 5 6 |  6.6
Fire Magic     | 1 2 3 4 5 6 |  6.6
Ice Magic      | 1 2 3 4 5 6 |  6.6
Air Magic      | 1 2 3 4 5 6 |  6.6
Earth Magic    | 1 2 3 4 5 6 |  6.6
Poison Magic   | 1 2 3 4 5 6 |  6.6
Short Blades   | 3 4 5 6 7 8 |  8.4
Dodging        | 5 6 7 8 9 |  9.3
Hexes          | 6 7 8 |  8.7

Action                   |  1- 3 |  4- 6 |  7- 9 | 10-12 | 13-15 || total
-------------------------+-------+-------+-------+-------+-------++-------
Melee: Dagger            |    21 |    99 |    61 |   143 |    20 ||   344
       Bite              |       |    12 |     7 |    22 |     7 ||    48
       Punch             |       |     1 |     1 |     3 |     1 ||     6
       Trident           |       |    21 |       |       |       ||    21
       Unarmed           |       |       |    11 |       |       ||    11
       Quarterstaff      |       |       |       |    23 |       ||    23
       Broad axe         |       |       |       |       |     6 ||     6
Throw: Stone             |       |     3 |       |       |       ||     3
       Tomahawk          |       |       |     8 |     1 |       ||     9
 Cast: Corona            |     5 |       |     2 |       |       ||     7
       Ensorcelled Hiber |    10 |    33 |    39 |    72 |     5 ||   159
       Dazzling Spray    |       |     5 |     1 |     6 |     1 ||    13
       Confuse           |       |     6 |     9 |     5 |     3 ||    23
       Tukima's Dance    |       |       |       |     3 |       ||     3
Invok: Slouch            |       |       |       |     6 |     1 ||     7
       Temporal Distorti |       |       |       |     1 |       ||     1
 Abil: Evoke Invisibilit |       |       |     1 |     4 |       ||     5
Evoke: Wand              |       |       |     2 |     8 |     1 ||    11
  Use: Potion            |       |     6 |     2 |     2 |     1 ||    11
       Scroll            |       |     4 |       |     6 |     2 ||    12
 Stab: Sleeping          |    13 |    24 |    18 |    58 |     2 ||   115
       Invisible         |       |     2 |     3 |    22 |     3 ||    30
       Confused          |       |     4 |     4 |     2 |     1 ||    11
       Distracted        |       |       |       |     1 |       ||     1
  Eat: Chunk             |       |     1 |     1 |     5 |       ||     7
       Ration            |       |       |       |       |     1 ||     1
Armor: Robe              |       |    34 |    14 |    53 |    20 ||   121
       Skin              |       |       |    12 |       |       ||    12
Dodge: Dodged            |    10 |   166 |    62 |   283 |    65 ||   586

Table legend:
 A = Turns spent in this place as a percentage of turns spent in the entire game.
 B = Non-inter-level travel turns spent in this place as a percentage of non-inter-level travel turns spent in the entire game.
 C = Inter-level travel turns spent in this place as a percentage of turns spent in this place.
 D = Turns resting spent in this place as a percentage of non-inter-level travel turns spent in this place.
 E = Turns spent auto-exploring this place as a percentage of non-inter-level travel turns spent in this place.
 F = Non-inter-level travel turns spent in this place divided by the number of levels of this place that you've seen.
                   A       B       C       D       E      F
               +-------+-------+-------+-------+-------+----------------------
         Total | 100.0 | 100.0 |   0.2 |   0.0 |   0.0 | 201.1
       Dungeon |  52.2 |  52.3 |   0.0 |   0.0 |   0.0 | 198.7
          Lair |  34.0 |  33.8 |   0.6 |   0.0 |   0.0 | 231.4
         Swamp |  10.6 |  10.6 |   0.0 |   0.0 |   0.0 | 181.0
     Snake Pit |   3.3 |   3.3 |   0.0 |   0.0 |   0.0 | 112.0
               +-------+-------+-------+-------+-------+----------------------

Table legend:
 A = Kills in this place as a percentage of kills in entire the game.
 B = Kills by you in this place as a percentage of kills by you in the entire game.
 C = Kills by friends in this place as a percentage of kills by friends in the entire game.
 D = Other kills in this place as a percentage of other kills in the entire game.
 E = Experience gained in this place as a percentage of experience gained in the entire game.
 F = Experience gained in this place divided by the number of levels of this place that you have seen.
                   A       B       C       D       E      F
               +-------+-------+-------+-------+-------+----------------------
         Total | 100.0 | 100.0 |   N/A |   N/A | 100.0 | 2225.9
       Dungeon |  45.5 |  45.5 |   N/A |   N/A |  12.7 | 532.1
          Lair |  36.6 |  36.6 |   N/A |   N/A |  39.5 | 2989.4
         Swamp |  16.5 |  16.5 |   N/A |   N/A |  44.9 | 8486.0
     Snake Pit |   1.3 |   1.3 |   N/A |   N/A |   3.0 | 1133.0
               +-------+-------+-------+-------+-------+----------------------

Vault maps used:
D:1:      dpeg_arrival_rhombus
D:2:      grunt_temple_overflow_octagram, serial_forest,
          infiniplex_forest_lined_corner, infiniplex_forest_lined_room_,
          infiniplex_forest_end_1, infiniplex_forest_clump_diagonal,
          infiniplex_forest_straight_2, infiniplex_forest_end_2,
          infiniplex_forest_corner_1, uniq_jessica
D:3:      elyvilon_altar_1, lemuel_round_altar, minmay_hedge_maze
D:4:      mumra_celtic_spiral_tile, serial_shops, shop,
          corexii_item_surrounded_by_moat
D:5:      first_ration, nrook_uturn
D:7:      regret_index_temple_of_mockery, lemuel_round_altar, temple_pool_b
D:8:      lemuel_zombie_altar_kikubaaqudgha, st_stairs_11, blue_anna_alchemist,
          uniq_psyche, uniq_maurice, uniq_gastronok, uniq_joseph
D:9:      minmay_lair_entry_lava, kennysheep_generic_room_16
Lair:2:   uniq_fannar
Lair:3:   lemuel_ratsnest, nicolae_swamp_entry_splash_gauntlet,
          minmay_snake_entry_guardpost_large, uniq_nergalle
Lair:4:   lemuel_fruit_tree, grunt_megastairs_2, infiniplex_staircase_pool,
          uniq_nessos
Lair:5:   cheibrodos_lair_lostbears, grunt_megastairs_1,
          infiniplex_staircase_pool_2, serial_bayou_shore_b
Swamp:1:  evilmike_swamp_ruin_rubble_1
Swamp:2:  gammafunk_mikee_crab_dinner, hangedman_swamp_blocks, uniq_frances
Snake:1:  nicolae_large_snake_swirl
